 Dungeon Crawl Stone Soup version 0.31-a0-948-gf5be29c462 (webtiles) character file.

Game seed: 2787419420058658869

1691956 arrururu the Fire Dragon (level 27, 51/238 HPs)
             Began as a Pale Draconian Conjurer on Oct 18, 2023.
             Was the Champion of Vehumet.
             Escaped with the Orb
             ... and 3 runes on Oct 21, 2023!
             The game lasted 09:42:37 (72155 turns).

arrururu the Fire Dragon (Pale Draconian Conjurer) Turns: 72155, Time: 09:42:37

Health: 51/238     AC: 16    Str: 14    XL:     27
Magic:  47/47      EV: 14    Int: 37    God:    Vehumet [******]
Gold:   4729       SH: 11    Dex:  7    Spells: 9/66 levels left

rFire   + + +        m - staff of the Candelabrum {Str+2 Stlth+ Conj}
rCold   + . .        t - +4 buckler "Gedim" {rF+ Regen+ Int+4}
rNeg    + . .        (body armour unavailable)
rPois   +            k - -2 hat of the Alchemist {rElec rPois rF+ rC+ rN+ Will+ rMut rCorr}
rElec   +            H - scarf {rC+ rF+}
rCorr   +            n - +0 pair of gloves of the Invisible Hand {+Blink}
SInv    +            D - +3 pair of mountain boots {steadfast, rC+}
Will    +++..        B - amulet of Wonder {RegenMP Regen+ Int-2 SInv Stlth+}
Stlth   +            g - +6 ring of intelligence
HPRegen 2.19/turn    x - ring of fire
MPRegen 0.70/turn

%: resist mutation
@: studying Shapeshifting
A: breathe steam, AC +13, unfitting armour, cold-blooded, steam resistance,
talons 1, clumsy 1, deterioration 1, poison resistance, weak 1, cold
vulnerability 1, inability to read after injury 1
0: Orb of Zot
}: 3/15 runes: serpentine, barnacled, silver
a: Breathe Steam, Renounce Religion, Evoke Blink


You escaped.
You worshipped Vehumet.
Vehumet was exalted by your worship.
You visited 10 branches of the dungeon, and saw 48 of its levels.
You visited 2 bazaars.
You also visited: Trove, Ossuary, Bailey and Ice Cave.

You collected 8133 gold pieces.
You spent 3404 gold pieces at shops.

Inventory:

Armour
 b - a +0 cloak of willpower
 k - the -2 hat of the Alchemist (worn) {rElec rPois rF+ rC+ rN+ Will+ rMut rCorr}
   (You found it in a treasure trove)

   rF+:       It protects you from fire.
   rC+:       It protects you from cold.
   rElec:     It insulates you from electricity.
   rPois:     It protects you from poison rN+: It protects you from negative
   energy.
   Will+:     It increases your willpower.
   rCorr:     It protects you from acid and corrosion.
   rMut:      It protects you from mutation.
 n - the +0 pair of gloves of the Invisible Hand (worn) {+Blink}
   (You found it in a treasure trove)

   +Blink:    It lets you blink.
 t - the +4 buckler "Gedim" (worn) {rF+ Regen+ Int+4}
   (You found it in a treasure trove)

   Int+4:     It affects your intelligence (+4).
   rF+:       It protects you from fire.
   Regen+:    It increases your rate of health regeneration.
 D - the +3 pair of mountain boots (worn) {steadfast, rC+}
   (You found it in a treasure trove)

   Steadfast: It prevents involuntary movement, except for blinking,
   teleportation, or banishment.
   rC+:       It protects you from cold.
 H - a scarf of resistance (worn)
Magical Staves
 m - the staff of the Candelabrum (weapon) {Str+2 Stlth+ Conj}
   (You found it on level 2 of the Depths)

   [staff of conjuration]

   Base accuracy: +5 Base damage: 5 Base attack delay: 1.2 This weapon's minimum
   attack delay (0.6) is reached at skill level 12.
   Str+2:     It affects your strength (+2).
   Stlth+:    It makes you more stealthy.
   Conj:      It increases the power of your Conjurations spells.
   It falls into the 'Staves' category.
   It is a one-handed weapon.
 S - the staff of Internal Strife {rElec rC+ rCorr Stlth+ Fire Ice}
   (You acquired it on level 1 of the Depths)

   [staff of cold]

   Base accuracy: +5 Base damage: 5 Base attack delay: 1.2 This weapon's minimum
   attack delay (0.6) is reached at skill level 12.
   rC+:       It protects you from cold.
   rElec:     It insulates you from electricity.
   rCorr:     It protects you from acid and corrosion.
   Stlth+:    It makes you more stealthy.
   Fire:      It increases the power of your Fire spells.
   Ice:       It increases the power of your Ice spells.
   It falls into the 'Staves' category.
   It is a one-handed weapon.
Jewellery
 d - a ring of wizardry
 g - a +6 ring of intelligence (left hand)
 o - a ring of positive energy
 x - a ring of fire (right hand)
 B - the amulet of Wonder (around neck) {RegenMP Regen+ Int-2 SInv Stlth+}
   (You took it off an ironbound preserver on level 5 of the Vaults)

   [amulet of magic regeneration]

   RegenMP:   It increases your rate of magic regeneration.
   Int-2:     It affects your intelligence (-2).
   SInv:      It lets you see invisible.
   Regen+:    It increases your rate of health regeneration.
   Stlth+:    It makes you more stealthy.
 I - the ring "Vosankupo" {rElec rCorr EV+5 Str+4}
   (You found it in an ice cave)

   [ring of evasion]

   EV+5:      It affects your evasion (+5).
   Str+4:     It affects your strength (+4).
   rElec:     It insulates you from electricity.
   rCorr:     It protects you from acid and corrosion.
 J - an amulet of guardian spirit
 O - a ring of willpower
 V - the ring "Apopno" {Fly Dex+2}
   (You acquired it on level 1 of the Depths)

   [ring of flight]

   Dex+2:     It affects your dexterity (+2).
   Fly:       It grants you flight.
 X - a ring of resist corrosion
 Y - a +6 ring of intelligence
 Z - a ring of protection from cold
Talismans
 h - a dragon-blood talisman
Wands
 z - a wand of polymorph (15)
 A - a wand of mindburst (27)
 F - a wand of roots (48)
 K - a wand of acid (34)
 N - a wand of digging (18)
 P - a wand of charming (34)
Scrolls
 c - 10 scrolls of enchant armour
 e - a scroll of summoning
 p - 9 scrolls of fog
 q - 26 scrolls of teleportation
 u - 8 scrolls of poison
 y - 9 scrolls of fear
 C - 9 scrolls of enchant weapon
 E - 6 scrolls of amnesia
 L - 4 scrolls of silence
Potions
 i - 8 potions of might
 j - 8 potions of enlightenment
 r - 9 potions of brilliance
 s - 30 potions of curing
 v - 10 potions of heal wounds
 w - a potion of magic
 R - 4 potions of invisibility
 T - a potion of cancellation
 U - 8 potions of haste
 W - 2 potions of resistance
Miscellaneous
 a - a phantom mirror
 f - a lightning rod (4/4)
 l - a condenser vane
 M - a phial of floods


   Skills:
 * Level 18.0 Fighting
 - Level 3.0 Staves
 - Level 13.0 Dodging
 - Level 1.7 Stealth
 - Level 15.1 Shields
 - Level 0.2 Unarmed Combat
 - Level 20.0 Spellcasting
 + Level 22.3 Conjurations
 - Level 11.2 Hexes
 O Level 27 Fire Magic
 - Level 4.3 Air Magic
 - Level 4.8 Earth Magic
 - Level 0.2 Poison Magic
 * Level 16.9 Evocations
 - Level 3.0 Shapeshifting


You had 9 spell levels left.
You knew the following spells:

 Your Spells              Type           Power      Damage    Failure   Level
a - Stone Arrow           Conj/Erth      100%       3d13      0%          3
b - Fire Storm            Conj/Fire      86%        8d22      1%          9
c - Swiftness             Air            62%        N/A       1%          3
d - Yara's Violent Unrav  Hex/Tmut       34%        3d14      1%          5
e - Fulminant Prism       Conj/Hex       63%        3d26      0%          4
f - Iskenderun's Mystic   Conj/Tloc      100%       2d19      1%          4
g - Iskenderun's Battles  Conj           100%       2d15      0%          5
h - Fireball              Conj/Fire      86%        3d32      0%          5
i - Cause Fear            Hex            44%        N/A       1%          4
j - Orb of Destruction    Conj           70%        9d16      1%          7
k - Ignition              Fire           75%        3d20      1%          8

Your spell library contained the following spells:

 Spells                   Type           Power      Damage    Failure   Level
 Polar Vortex             Ice            18%        12d2*     100%        9
 Foxfire                  Conj/Fire      100%       2x1d9     0%          1
 Magic Dart               Conj           100%       1d8       0%          1
 Slow                     Hex            100%       N/A       0%          1
 Jinxbite                 Hex            100%       N/A       0%          2
 Momentum Strike          Conj/Tloc      100%       3d10      0%          2
 Scorch                   Fire           100%       2d9       0%          2
 Searing Ray              Conj           100%       2d8       0%          2
 Dazzling Flash           Conj/Hex       100%       N/A       0%          3
 Inner Flame              Hex/Fire       100%       N/A       0%          3
 Volatile Blastmotes      Fire/Tloc      100%       2d18      0%          3
 Flame Wave               Conj/Fire      100%       2d21      0%          4
 Sticky Flame             Conj/Fire      100%       2d11      0%          4
 Starburst                Conj/Fire      86%        6d22      0%          6
 Freeze                   Ice            100%       1d10      1%          1
 Necrotise                Necr           100%       1d9       1%          1
 Sandblast                Erth           100%       2d20      1%          1
 Sting                    Tmut/Pois      100%       1d8       1%          1
 Blink                    Tloc           74%        N/A       1%          2
 Call Imp                 Summ           74%        N/A       1%          2
 Cigotuvi's Dreadful Rot  Necr/Pois/Air  96%        N/A       1%          2
 Ensorcelled Hibernation  Hex/Ice        100%       N/A       1%          2
 Lesser Beckoning         Tloc           74%        N/A       1%          2
 Passwall                 Tmut/Erth      44%        N/A       1%          2
 Poisonous Vapours        Pois/Air       100%       N/A       1%          2
 Sublimation of Blood     Necr           37%        N/A       1%          2
 Wereblood                Tmut           37%        N/A       1%          2
 Confusing Touch          Hex            88%        N/A       1%          3
 Frozen Ramparts          Ice            74%        1d12      1%          3
 Hailstorm                Conj/Ice       100%       3d20      1%          3
 Ignite Poison            Fire/Tmut/Pois 100%       N/A       1%          3
 Mephitic Cloud           Conj/Pois/Air  100%       N/A       1%          3
 Sigil of Binding         Hex            88%        N/A       1%          3
 Tukima's Dance           Hex            88%        N/A       1%          3
 Brom's Barrelling Bould  Conj/Erth      100%       2d11      1%          4
 Freezing Cloud           Conj/Ice/Air   50%        6-21      1%          5
 Irradiate                Conj/Tmut      54%        3d29      1%          5
 Silence                  Hex/Air        38%        N/A       1%          5
 Bombard                  Conj/Erth      58%        9d10      1%          6
 Conjure Ball Lightning   Conj/Air       58%        3x3d21    1%          6
 Plasma Beam              Fire/Air       62%        2x1d78    1%          6
 Gell's Gravitas          Tloc           37%        N/A       2%          3
 Ozocubu's Armour         Ice            37%        N/A       2%          3
 Teleport Other           Tloc           37%        N/A       2%          3
 Vampiric Draining        Necr           37%        2d8       2%          3
 Olgreb's Toxic Radiance  Pois           38%        N/A       2%          4
 Metabolic Englaciation   Hex/Ice        34%        N/A       2%          5
 Summon Mana Viper        Hex/Summ       68%        N/A       2%          5
 Spellforged Servitor     Conj/Summ      54%        N/A       2%          7
 Petrify                  Tmut/Erth      53%        N/A       3%          4
 Vhi's Electric Charge    Tloc/Air       100%       N/A       3%          4
 Lehudib's Crystal Spear  Conj/Erth      58%        10d14     6%          8
 Animate Dead             Necr           37%        N/A       9%          4
 Passage of Golubria      Tloc           37%        N/A       9%          4
 Summon Ice Beast         Ice/Summ       37%        N/A       9%          4
 Borgnjor's Vile Clutch   Necr/Erth      26%        N/A       10%         5
 Agony                    Necr           37%        N/A       24%         5
 Alistair's Intoxication  Tmut/Pois      24%        N/A       24%         5
 Eringya's Noxious Bog    Tmut/Pois      18%        4d6       32%         6
 Discord                  Hex            44%        N/A       52%         8
 Chain Lightning          Conj/Air       58%        3d78      65%         9
 Simulacrum               Ice/Necr       18%        N/A       80%         6
 Summon Cactus Giant      Summ           18%        N/A       80%         6
 Haunt                    Necr/Summ      18%        N/A       100%        7
 Malign Gateway           Summ/Tloc      18%        N/A       100%        7
 Monstrous Menagerie      Summ           18%        N/A       100%        7
 Death's Door             Necr           18%        N/A       100%        9
 Dragon's Call            Summ           18%        N/A       100%        9
 Animate Armour           Summ/Erth      Unusable   N/A       N/A         4

Dungeon Overview and Level Annotations

Branches:
Dungeon (15/15)            Temple (1/1) D:5            Lair (5/5) D:10
 Shoals (4/4) Lair:3        Snake (4/4) Lair:2        Slime (0/5) Lair:5
    Orc (2/2) D:12            Elf (3/3) Orc:2        Vaults (5/5) D:13
  Crypt (0/3) Vaults:2     Depths (4/4) D:15            Zot (5/5) Depths:4
Ossuary (visited)          Bailey (visited)           IceCv (visited)

Altars:
Ashenzari
Cheibriados
Dithmenos
Elyvilon
Fedhas
Gozag
Hepliaklqana
Kikubaaqudgha
Makhleb
Nemelex Xobeh
Okawaru
Qazlal
Ru
Sif Muna
Trog
Uskayaw
Vehumet
Wu Jian
Xom
Yredelemnul
Zin
The Shining One

Shops:
D:2 (   D:3 =   D:5 (   D:7 (   D:13 [   Orc:1 [   Orc:2 =?::   Elf:1 ?:[
Elf:2 !([   Shoals:1 *   Shoals:2 [   Shoals:3 (   Shoals:4 *   Snake:2 *
Vaults:2 ?   Depths:1 *

Portals:
Hell: Depths:1 Depths:2 Depths:3 Depths:4
Abyss: Depths:3 Depths:4
Pandemonium: Depths:2 Depths:3 Depths:4
Ziggurat: Depths:1 Depths:2

Annotations:
Vaults:2 2 transporters, Inony's ghost, master FoHu


Innate Abilities, Weirdness & Mutations

You can breathe blasts of scalding, opaque steam.
Your pale cyan-grey scales are hard. (AC +13)
You cannot fit into any form of body armour.
You are cold-blooded and may be slowed by cold attacks.
You are immune to the effects of steam.
You have sharp toenails.
You are clumsy. (Dex -2)
Your body sometimes deteriorates upon taking damage.
Your system is resistant to poisons. (rPois)
You are weak. (Str -2)
You are vulnerable to cold. (rC-)
You occasionally lose the ability to read scrolls when taking damage.


Message History

a +0 leather armour; a +0 dagger; a +0 dagger You see here a +0 flail.
There is a stone staircase leading up here.
You climb upwards.
There is a stone staircase leading down here.
There is a stone staircase leading up here.
You climb upwards.
There is a stone staircase leading down here.
A Brimstone Fiend comes into view.
Press: ? - help, v - describe, . - travel
Here: a Brimstone Fiend The floor.
Unknown command.
Blink to where?
Press: ? - help, Dir - move target
As you read the scroll of blinking, it crumbles to dust.
You climb upwards.
There is a stone staircase leading down here.
You see here a +0 short sword.
Aiming: Dig
Press: ? - help, Shift-Dir - straight line A rock wall.
This square is covered in magical glow.
The rock shatters into small pieces.
A Tzitzimitl comes into view.
The Tzitzimitl calls on the powers of darkness!
Your body is wracked with pain!
Press: ? - help, v - describe, . - travel
Here: a Tzitzimitl The floor.
Blink to where?
Press: ? - help, Dir - move target
As you read the scroll of blinking, it crumbles to dust.
The Tzitzimitl calls on the powers of darkness!
Your body is wracked with pain!
The Tzitzimitl calls on the powers of darkness!
Your body is wracked with pain!
* * * LOW HITPOINT WARNING * * *
There is a staircase leading out of the dungeon here.
You have escaped!

# ###################.#########
#####...................# #
.)....################### #
#####§####.............##### #
###..........⌠..........###
##...⌠.................⌠...##
##........⌠.........⌠......[.##
#.........1...................#
#...⌠..........@..........⌠...#
#.............................#
##........⌠.........⌠........##
##...⌠.................⌠...##
###..........⌠..........######
##'##.............##+## #..
#..###############..# #..
#..†............÷...# #..
#.#####.#####..##########..


You could see a Tzitzimitl.

Vanquished Creatures
  3 dread liches
  Mara (Vaults:3)
  15 orbs of fire
  6 ancient liches
  2 juggernauts
  Bai Suzhen (Vaults:3)
  5 Killer Klowns
  A shard shrike (Depths:2)
  4 curse toes
  Xtahua (Vaults:4)
  Vashnia (Snake:3)
  6 caustic shrikes
  10 golden dragons
  Nikola (Vaults:2)
  Jory (Vaults:1)
  Norris (Vaults:2)
  6 electric golems
  A Hell Sentinel (Depths:2)
  Jorgrun (D:14)
  A walking crystal tome (Depths:2)
  An Ice Fiend (D:6)
  4 deep elf blademasters
  25 Orb Guardians
  5 liches
  5 quicksilver dragons
  12 tentacled monstrosities
  2 deep elf master archers (Elf:3)
  Asterion (Depths:2)
  2 walking frostbound tomes (Depths:4)
  5 titans
  The ghost of Keohatt the Marksant, an adept FoHs of Okawaru (Shoals:1)
  Polyphemus (Shoals:4)
  5 sphinxes
  11 death cobs
  3 ancient champions (Depths:2)
  10 tengu reavers
  11 shadow dragons
  Kirke (Lair:5)
  19 storm dragons
  Aizul (Snake:3)
  Frances (D:12)
  Donald (Elf:1)
  Roxanne (Shoals:2)
  8 draconian monks
  A shadow dragon (shapeshifter) (Vaults:5)
  3 draconian knights
  The ghost of Punaxali the Severer, a journeyman MiBe of Trog (Snake:2)
  A rockslime (IceCv)
  10 deep elf sorcerers
  3 draconian scorchers
  6 azure jellies
  A fenstrider witch (Shoals:4)
  9 frost giants
  3 nagarajas
  3 deep elf elementalists (Elf:3)
  5 fire giants
  3 iron dragons
  18 vault wardens
  A caustic shrike zombie (Depths:2)
  A ghoul (Depths:2)
  3 ghost moths
  19 ironbound preservers
  6 draconian shifters
  A spriggan defender (Depths:2)
  2 orc warlords
  3 draconian stormcallers
  11 war gargoyles
  6 ironbound thunderhulks
  4 quicksilver oozes (IceCv)
  5 draconian annihilators
  13 very ugly things
  A reaper (Depths:4)
  2 formless jellyfish
  17 stone giants
  9 green draconians
  5 deep elf demonologists
  2 red draconians
  7 vampire knights
  6 deep elf annihilators
  8 black draconians
  18 dire elephants
  Azrael (Elf:1)
  7 purple draconians
  7 yellow draconians
  6 deep elf death magi
  7 white draconians
  Snorg (D:14)
  4 blizzard demons (Depths:2)
  A crystal guardian (Vaults:4)
  12 spark wasps
  A mummy priest (Depths:2)
  10 ettins
  3 jiangshi
  4 merfolk javelineers
  10 fire dragons
  9 merfolk impalers
  37 vault guards
  A spectral golden dragon (Depths:2)
  8 deep elf high priests
  15 yaktaur captains
  2 rakshasas
  6 hydras
  3 salamander tyrants (Snake:4)
  4 entropy weavers
  6 peacekeepers
  8 great orbs of eyes
  12 ice dragons
  4 merfolk avatars (Shoals:3)
  A caustic shrike simulacrum (Depths:1)
  A spectral tengu (Depths:2)
  A jorogumo (shapeshifter) (Vaults:5)
  11 spriggan air magi
  2 catoblepae
  13 centaur warriors
  13 anacondas
  A juggernaut simulacrum (Depths:2)
  3 merfolk aquamancers
  3 two-headed ogres
  9 ironbound frosthearts
  An alligator snapping turtle (Shoals:4)
  A satyr (Shoals:3)
  34 dancing weapons
  7 boulder beetles
  7 deep troll shamans
  A spectral frost giant (Depths:2)
  A spectral stone giant (Depths:2)
  10 death yaks
  A satyr (shapeshifter) (Depths:1)
  4 deep troll earth magi
  6 tengu warriors
  A spectral fire giant (Depths:2)
  3 vampire magi
  7 orc high priests
  A sphinx skeleton (Vaults:1)
  Urug (Lair:5)
  13 naga warriors
  4 hell knights
  18 shock serpents
  Nergalle (D:11)
  16 naga sharpshooters
  21 deep elf knights
  4 skeletal warriors (D:14)
  A sun demon (D:9)
  2 iron trolls (Depths:4)
  9 skysharks
  6 salamander mystics (Snake:4)
  5 arcanists
  A spark wasp zombie (Depths:2)
  5 glowing orange brains
  10 sea snakes
  A sixfirhy (D:9)
  A quicksilver dragon simulacrum (Depths:2)
  A goliath frog (shapeshifter) (Depths:3)
  7 naga ritualists
  4 spriggan simulacra
  2 occultists
  3 flayed ghosts (Depths:2)
  50 deep trolls
  A spectral iron dragon (Depths:2)
  An obsidian statue (Shoals:1)
  2 orange crystal statues (IceCv)
  17 deep elf archers
  A shadow dragon zombie (Depths:2)
  A lindwurm (shapeshifter) (Vaults:5)
  2 shadow demons
  11 necromancers
  11 lindwurms
  33 harpies
  13 mana vipers
  40 deep elf pyromancers
  7 orc knights
  25 ironbound convokers
  23 deep elf zephyrmancers
  8 phantasmal warriors
  10 oklob plants
  9 fauns
  5 cyclopes
  A frost giant zombie (Depths:2)
  3 sphinx simulacra (Depths:2)
  14 ugly things
  5 orc sorcerers
  16 salamanders
  2 cyclopes (shapeshifter) (Vaults:5)
  9 moths of wrath
  28 black mambas
  11 manticores
  6 merfolk sirens
  5 water nymphs
  22 elephants
  7 guardian serpents
  13 naga magi
  11 vault sentinels
  A storm dragon simulacrum (Depths:2)
  2 elf skeletons (Vaults:1)
  8 cane toads
  3 gargoyles (D:12)
  A torpor snail (Lair:4)
  11 freezing wraiths
  A rime drake (shapeshifter) (Vaults:5)
  Psyche (D:8)
  2 kobold demonologists
  2 rime drakes
  A spark wasp simulacrum (Depths:2)
  43 yaktaurs
  13 komodo dragons
  12 tengu conjurers
  6 polar bears
  A merfolk (shapeshifter) (Vaults:5)
  3 spectral nagas (Snake:1)
  15 merfolk
  8 trolls
  6 meliai
  A polar bear (shapeshifter) (Elf:2)
  A wind drake (shapeshifter) (D:14)
  2 tengu simulacra
  A hornet (shapeshifter) (Elf:1)
  5 wind drakes
  A tarantella (Vaults:4)
  8 snapping turtles
  An ettin zombie (Depths:1)
  8 dream sheep
  12 blink frogs
  A stone giant simulacrum (Vaults:4)
  2 jumping spiders
  A centaur simulacrum (D:15)
  A slime creature (shapeshifter) (Vaults:5)
  28 slime creatures
  2 shadows (D:9)
  A wyvern (shapeshifter) (Vaults:5)
  Eustachio (D:6)
  6 water elementals
  2 wraiths
  A culicivora (shapeshifter) (Elf:3)
  A spriggan (shapeshifter) (D:14)
  2 air elementals
  6 fire elementals
  7 wyverns
  A vampire (D:9)
  3 dire elephant simulacra (D:14)
  3 hogs (Lair:5)
  A human (shapeshifter) (D:14)
  2 steam dragons
  A minotaur simulacrum (D:14)
  12 vampire mosquitoes
  5 basilisks
  34 yaks
  4 redbacks
  The ghost of Stil the Insei, an amateur DsSh (D:3)
  Menkaure (D:4)
  30 nagas
  3 wargs
  An acid dragon (D:11)
  2 hell hounds (Elf:1)
  Duvessa (D:5)
  9 water moccasins
  2 great orb of eyes simulacra (IceCv)
  An ice beast (D:8)
  34 orc warriors
  2 black bears
  11 ogres
  An orc skeleton (Vaults:1)
  17 wolves
  6 centaurs
  2 phantoms
  4 kobold brigands
  6 slime creature simulacra (IceCv)
  4 earth elementals
  19 bullfrogs
  2 gnoll sergeants
  A deep troll simulacrum (D:14)
  11 scorpions
  8 glowing shapeshifter simulacra
  4 wights (D:9)
  Dowan (D:5)
  A killer bee (D:9)
  6 howler monkeys
  An electric eel (Lair:4)
  2 centaur zombies (Ossuary)
  2 jellies (D:6)
  2 human simulacra (Vaults:1)
  24 orc priests
  3 human zombies
  3 gnoll boudas
  4 iguanas
  20 orc wizards
  A sleepcap (D:5)
  3 scorpion zombies (Ossuary)
  4 yak simulacra (D:10)
  2 polar bear simulacra (D:10)
  2 wolf simulacra (D:10)
  4 mummies
  7 adders
  22 gnolls
  4 white imps
  2 ufetubi (D:6)
  2 worms (D:2)
  2 dart slugs
  75 orcs
  6 endoplasms
  3 giant cockroaches
  2 gnoll zombies (Ossuary)
  24 goblins
  15 hobgoblins
  7 jackals
  6 quokkas
  8 ball pythons
  5 bats
  2 frilled lizards
  2 goblin zombies (Ossuary)
  4 hobgoblin zombies (Ossuary)
  32 kobolds
  3 kobold zombies (Ossuary)
  2 orc zombies (Ossuary)
  7 rats
  3 river rat simulacra (D:10)
  7 fire vortices
  2 fulminant prisms
2142 creatures vanquished.

Vanquished Creatures (collateral kills)
  A golden dragon (Zot:5)
  A tentacled monstrosity (Zot:4)
  An Orb Guardian (Zot:5)
  A death cob (Zot:3)
  A shadow dragon (Vaults:5)
  A draconian shifter (Zot:2)
  A draconian annihilator (Zot:1)
  A war gargoyle (Vaults:3)
  A green draconian (Zot:2)
  2 purple draconians
  A black draconian (Zot:5)
  A white draconian (Zot:2)
13 creatures vanquished.

Vanquished Creatures (others)
  A deep elf zephyrmancer (Elf:1)
  A vault sentinel (Vaults:2)
  126 fire vortices
  170 fulminant prisms
298 creatures vanquished.

Grand Total: 2453 creatures vanquished

Notes
Turn   | Place    | Note
-------+----------+-------------------------------------------
     0 | D:1      | arrururu the Draconian Conjurer began the quest for the
                  | Orb.
     0 | D:1      | Reached XP level 1. HP: 14/14 MP: 3/3
   274 | D:1      | Reached XP level 2. HP: 10/22 MP: 1/5
   550 | D:1      | Learned a level 2 spell: Searing Ray
   667 | D:1      | Reached skill level 1 in Fighting
  1118 | D:1      | Reached XP level 3. HP: 28/28 MP: 4/6
  1559 | D:2      | Found Ofioc's Antique Weapon Boutique.
  1715 | D:2      | Reached XP level 4. HP: 35/35 MP: 6/8
  2250 | D:3      | Found Diskewka's Jewellery Shop.
  2385 | D:3      | Found a radiant altar of Vehumet.
  2472 | D:3      | Became a worshipper of Vehumet
  2604 | D:3      | Reached skill level 5 in Conjurations
  2781 | D:3      | Found a runed translucent door.
  2781 | D:3      | Noticed Stil's ghost (amateur DsSh)
  3124 | D:4      | Noticed a scorpion
  3187 | D:4      | Learned a level 3 spell: Dazzling Flash
  3202 | D:4      | Found a white marble altar of Elyvilon.
  3211 | D:4      | Found a shimmering blue altar of Sif Muna.
  3212 | D:4      | Found a snail-covered altar of Cheibriados.
  3285 | D:4      | Noticed Menkaure
  3338 | D:4      | Killed Menkaure
  3339 | D:4      | Reached skill level 1 in Hexes
  3339 | D:4      | Reached XP level 5. HP: 41/41 MP: 8/10
  3448 | D:4      | Reached XP level 6. HP: 48/48 MP: 6/11
  3821 | D:5      | Entered Level 5 of the Dungeon
  3904 | D:5      | Reached * piety under Vehumet
  3904 | D:5      | Offered knowledge of Freeze by Vehumet.
  3973 | D:5      | Found Kavoodah's Antique Weapon Shoppe.
  4223 | D:5      | Found a staircase to the Ecumenical Temple.
  4322 | D:5      | Your scales start taking on a pale cyan-grey colour.
  4322 | D:5      | Reached XP level 7. HP: 55/55 MP: 11/13
  4322 | D:5      | Gained mutation: You are immune to the effects of steam.
                  | [Pale Draconian growth]
  4324 | D:5      | Noticed Duvessa
  4424 | D:5      | Noticed Dowan
  4431 | D:5      | Killed Dowan
  4434 | D:5      | Killed Duvessa
  4658 | D:5      | Reached skill level 5 in Spellcasting
  4914 | D:6      | Noticed a vampire mosquito
  4914 | D:6      | Noticed a vampire mosquito
  4914 | D:6      | Noticed a vampire mosquito
  4922 | D:5      | Killed a vampire mosquito
  4923 | D:5      | Reached skill level 1 in Air Magic
  4944 | D:5      | Learned a level 3 spell: Mephitic Cloud
  5008 | D:6      | Learned a level 4 spell: Fulminant Prism
  5104 | D:6      | Noticed Eustachio
  5301 | D:6      | Reached XP level 8. HP: 61/61 MP: 12/16
  5545 | D:6      | Killed Eustachio
  5732 | D:6      | Reached ** piety under Vehumet
  5732 | D:6      | Offered knowledge of Foxfire by Vehumet.
  5875 | D:6      | Found a stormy altar of Qazlal.
  5876 | D:6      | Found a hazy altar of Hepliaklqana.
  5876 | D:6      | Found an ornate altar of the Wu Jian Council.
  5876 | D:6      | Found a burning altar of Makhleb.
  5882 | D:6      | Reached XP level 9. HP: 67/67 MP: 16/19
  6231 | D:7      | Identified the +0 dagger of Xuudum {flame, rElec Str+4
                  | Dex+2}
  6444 | D:7      | You fall into a shaft and drop 1 floor!
  6558 | D:8      | Found a sand-covered staircase.
  6585 | Ossuary  | Entered an ossuary
  6984 | Ossuary  | Offered knowledge of Ignite Poison by Vehumet.
  6988 | Ossuary  | Reached skill level 1 in Evocations
  7129 | Ossuary  | Reached *** piety under Vehumet
  7154 | Ossuary  | Identified 2 scrolls of acquirement
  7154 | Ossuary  | Identified the "Haog" (You acquired it in an ossuary)
  7154 | Ossuary  | Acquired a staff of conjuration
  7343 | D:7      | Offered knowledge of Flame Wave by Vehumet.
  7491 | D:7      | Found Xeimier's Weapon Shoppe.
  7692 | D:8      | Reached skill level 5 in Evocations
  7858 | D:8      | Reached XP level 10. HP: 77/77 MP: 16/21
  7872 | D:8      | Noticed Psyche
  7873 | D:8      | Reached **** piety under Vehumet
  7874 | D:8      | Reached skill level 1 in Staves
  7878 | D:8      | Killed Psyche
  7919 | D:8      | Found a sparkling altar of Nemelex Xobeh.
  8134 | D:8      | Identified the +6 long sword of the Gloaming {flame,
                  | Stlth+}
  8140 | D:8      | Found a bloodstained altar of Trog.
  8194 | D:8      | Learned a level 4 spell: Iskenderun's Mystic Blast
  8203 | D:8      | Found a glowing silver altar of Zin.
  8339 | D:9      | Noticed a centaur warrior
  8345 | D:9      | Killed a centaur warrior
  8355 | D:9      | Reached skill level 10 in Conjurations
  8443 | D:9      | Found a flagged portal.
  8455 | Bailey   | Entered a bailey
  8469 | Bailey   | Learned a level 5 spell: Iskenderun's Battlesphere
  8477 | Bailey   | Offered knowledge of Sticky Flame by Vehumet.
  8563 | Bailey   | Identified the +6 orcbow of the Throat {antimagic, rN+
                  | SInv}
  8573 | Bailey   | Reached ***** piety under Vehumet
  8589 | Bailey   | Noticed an orc warlord
  8625 | Bailey   | Offered knowledge of Airstrike by Vehumet.
  8634 | Bailey   | Killed an orc warlord
  8733 | Bailey   | Identified the +8 plate armour of the Echidna {*Corrode
                  | Int+2 Stlth+}
  9059 | D:9      | Reached XP level 11. HP: 84/84 MP: 16/22
  9161 | D:9      | Found a large runed translucent door.
  9162 | D:9      | Found a large runed translucent door.
  9169 | D:9      | Found a large runed translucent door.
  9169 | D:9      | Found a large runed translucent door.
  9326 | D:9      | Acquired the +0 hat of the Equator {Will+ Int+4}
  9544 | D:3      | Killed Stil's ghost
 10404 | D:10     | Entered Level 10 of the Dungeon
 10658 | D:10     | Found a staircase to the Lair.
 11008 | D:10     | Noticed a necromancer
 11013 | D:10     | Killed a necromancer
 11153 | D:11     | Noticed Nergalle
 11166 | D:11     | Killed Nergalle
 11353 | D:11     | Noticed a two-headed ogre
 11358 | D:11     | Killed a two-headed ogre
 11496 | D:11     | Noticed a boulder beetle
 11730 | D:11     | Killed a boulder beetle
 11896 | D:11     | Learned a level 5 spell: Fireball
 11911 | D:12     | Noticed a two-headed ogre
 11915 | D:12     | Killed a two-headed ogre
 11916 | D:12     | Reached skill level 1 in Fire Magic
 12005 | D:12     | Found a staircase to the Orcish Mines.
 12016 | D:12     | Reached XP level 12. HP: 91/91 MP: 15/25
 12278 | D:12     | Noticed a boulder beetle
 12289 | D:12     | Killed a boulder beetle
 12290 | D:12     | Reached skill level 2 in Fire Magic
 12328 | D:12     | Noticed Frances
 12417 | Lair:1   | Entered Level 1 of the Lair of Beasts
 12455 | Lair:1   | Learned a level 3 spell: Stone Arrow
 12562 | Lair:1   | Reached skill level 10 in Spellcasting
 13545 | Lair:2   | Identified the "Ossin" (You acquired it on level 2 of the
                  | Lair of Beasts)
 13545 | Lair:2   | Acquired 850 gold pieces
 13689 | Lair:2   | Offered knowledge of Orb of Destruction by Vehumet.
 13710 | Lair:2   | Reached skill level 3 in Fire Magic
 13881 | Lair:2   | Found a staircase to the Snake Pit.
 13895 | Lair:2   | Reached skill level 5 in Fighting
 13958 | Lair:2   | Reached skill level 4 in Fire Magic
 14166 | Lair:2   | Reached skill level 5 in Fire Magic
 14196 | Lair:2   | Reached skill level 6 in Fire Magic
 14358 | Lair:2   | Reached skill level 7 in Fire Magic
 14416 | Lair:2   | Identified the +9 mace of Ciodij {flame, *Slow rCorr Str+4}
 15198 | Lair:3   | Reached skill level 8 in Fire Magic
 15229 | Lair:3   | Reached XP level 13. HP: 100/100 MP: 22/28
 15290 | Lair:3   | Reached skill level 9 in Fire Magic
 15318 | Lair:3   | Found a staircase to the Shoals.
 15558 | Lair:3   | Identified the +1 buckler of Proximity {rPois Str+4}
 16048 | Lair:3   | Reached XP level 14. HP: 107/107 MP: 29/29
 16145 | Lair:4   | Reached skill level 10 in Fire Magic
 16185 | Lair:4   | Learned a level 4 spell: Cause Fear
 16202 | Lair:4   | Reached skill level 5 in Hexes
 17409 | Lair:4   | Offered knowledge of Yara's Violent Unravelling by Vehumet.
 18133 | D:12     | Killed Frances
 18134 | D:12     | Reached skill level 1 in Shapeshifting
 18442 | Orc:1    | Entered Level 1 of the Orcish Mines
 18595 | Orc:2    | Entered Level 2 of the Orcish Mines
 18817 | Orc:2    | Found a staircase to the Elven Halls.
 18866 | Orc:2    | Reached skill level 5 in Dodging
 19149 | Orc:2    | Offered knowledge of Irradiate by Vehumet.
 19177 | Orc:2    | Found Bosmaill's Book Shop.
 19177 | Orc:2    | Found Ykliuges's Book Shop.
 19178 | Orc:2    | Found Zamyenal's Jewellery Boutique.
 19191 | Orc:2    | Found Qogilegu's Magic Scroll Boutique.
 19411 | Orc:2    | Bought Sif Muna's Spellbook of the Squall for 690 gold
                  | pieces
 19412 | Orc:2    | Bought Great Wizards, Vol. VII for 390 gold pieces
 19417 | Orc:2    | Learned a level 3 spell: Swiftness
 19554 | Orc:1    | Found Huwuergh's Antique Armour Boutique.
 19620 | Orc:1    | Reached XP level 15. HP: 115/123 MP: 17/30
 19827 | Orc:1    | Bought a pair of embroidered gloves for 232 gold pieces
 20004 | Lair:5   | Entered Level 5 of the Lair of Beasts
 20087 | Lair:5   | Noticed Urug
 20092 | Lair:5   | Killed Urug
 20158 | Lair:5   | Noticed Kirke
 20161 | Lair:5   | Killed Kirke
 20271 | Lair:5   | Reached skill level 10 in Fighting
 20407 | Lair:5   | Offered knowledge of Starburst by Vehumet.
 21477 | Lair:5   | Found a staircase to the Slime Pits.
 21785 | D:13     | Found Qaypp's Armour Emporium.
 22048 | D:13     | Found a gate to the Vaults.
 22073 | D:13     | Reached skill level 11 in Fire Magic
 22245 | D:13     | Found a hide-covered altar of Uskayaw.
 22375 | D:14     | Noticed Snorg
 22380 | D:14     | Killed Snorg
 22429 | D:14     | Found a shadowy altar of Dithmenos.
 22446 | D:14     | Found a frozen archway.
 22456 | D:14     | Reached skill level 12 in Fire Magic
 22478 | IceCv    | Entered an ice cave
 22523 | IceCv    | Reached XP level 16. HP: 137/137 MP: 15/31
 22787 | IceCv    | Reached ****** piety under Vehumet
 22815 | IceCv    | Offered knowledge of Arcjolt by Vehumet.
 22817 | IceCv    | Reached skill level 13 in Fire Magic
 22990 | IceCv    | Found a viscous altar of Jiyva.
 23011 | IceCv    | Identified the ring "Vosankupo" {rElec rCorr EV+5 Str+4}
 23495 | D:14     | Noticed Jorgrun
 23505 | D:14     | Killed Jorgrun
 24033 | D:15     | Entered Level 15 of the Dungeon
 24054 | D:15     | Reached skill level 14 in Fire Magic
 24423 | D:15     | Identified the +6 scimitar "Kakhlati" {vamp, SInv Stlth+}
 24602 | D:15     | Found a basalt altar of Yredelemnul.
 24626 | D:15     | Found a portal to a secret trove of treasure.
 24967 | D:15     | Found a staircase to the Depths.
 25241 | Snake:1  | Identified the of Asmoar
 25241 | Snake:1  | Entered Level 1 of the Snake Pit
 25383 | Snake:1  | Reached skill level 15 in Fire Magic
 25962 | Snake:1  | Identified the +4 mace "Pylyzxir" {flame, +Blink rN+ SInv}
 26770 | Snake:2  | Offered knowledge of Maxwell's Capacitive Coupling by
                  | Vehumet.
 26797 | Snake:2  | Identified the ring of the Aged Youths {Drain rCorr MP+9
                  | EV+5 Int+4}
 26902 | Snake:2  | Reached skill level 16 in Fire Magic
 26971 | Snake:2  | Found Inihuf's Neck Hole.
 27106 | Snake:2  | Found a transporter.
 27112 | Snake:2  | Noticed Punaxali's ghost (journeyman MiBe)
 27125 | Snake:2  | Found a transporter.
 27837 | Snake:3  | Reached XP level 17. HP: 144/144 MP: 24/32
 27842 | Snake:3  | Noticed Aizul
 27852 | Snake:3  | Killed Aizul
 27952 | Snake:3  | Reached skill level 17 in Fire Magic
 28184 | Snake:3  | Noticed Vashnia
 28199 | Snake:3  | Killed Vashnia
 28594 | Snake:3  | Acquired a scarf of invisibility
 28672 | Snake:4  | Entered Level 4 of the Snake Pit
 29467 | Snake:4  | Offered knowledge of Fire Storm by Vehumet.
 29467 | Snake:4  | Offered knowledge of Polar Vortex by Vehumet.
 29467 | Snake:4  | Offered knowledge of Ignition by Vehumet.
 29632 | Snake:4  | Reached skill level 15 in Conjurations
 30993 | Snake:4  | Got a serpentine rune of Zot
 31258 | Snake:2  | Reached XP level 18. HP: 50/151 MP: 32/35
 31262 | Snake:2  | Killed Punaxali's ghost
 31846 | Shoals:1 | Entered Level 1 of the Shoals
 31868 | Shoals:1 | Found a flickering gateway to a bazaar.
 31877 | Bazaar   | Entered a bazaar
 31877 | Bazaar   | Found Ceula's Magic Scroll Boutique.
 31898 | Bazaar   | Found Zel Ycit's Jewellery Shoppe.
 31903 | Bazaar   | Found Xappagi's Assorted Antiques.
 31947 | Bazaar   | Found Xoumin Qaveq's Book Boutique.
 31956 | Bazaar   | Bought a book of the Spheres for 640 gold pieces
 31982 | Bazaar   | Bought a scroll of enchant weapon for 90 gold pieces
 31995 | Bazaar   | Bought a potion of invisibility for 144 gold pieces
 32303 | Shoals:1 | Found a runed translucent gate.
 32303 | Shoals:1 | Found a runed translucent gate.
 32303 | Shoals:1 | Found a runed translucent gate.
 32305 | Shoals:1 | Found an opulent altar of Gozag.
 32308 | Shoals:1 | Noticed Keohatt's ghost (adept FoHs)
 32310 | Shoals:1 | Found Vaemikhla's Assorted Antiques.
 32470 | Shoals:1 | Killed Keohatt's ghost
 32548 | Shoals:1 | Bought a pair of embroidered gloves for 202 gold pieces
 32586 | Shoals:2 | Reached skill level 10 in Shields
 32974 | Shoals:2 | Found Pienti Doism's Armour Boutique.
 33528 | Shoals:2 | Noticed Roxanne
 33571 | Shoals:2 | Killed Roxanne
 34324 | Shoals:3 | Found Wazynk's Firing Range.
 34629 | Shoals:4 | Entered Level 4 of the Shoals
 34662 | Shoals:4 | Noticed Polyphemus
 34680 | Shoals:4 | Killed Polyphemus
 34682 | Shoals:4 | Reached skill level 15 in Shields
 34902 | Shoals:4 | Got a barnacled rune of Zot
 35331 | Shoals:4 | Reached skill level 10 in Hexes
 35610 | Shoals:4 | Found Ihac's Mayhem Merchandise.
 35958 | D:10     | Upgraded the game from 0.31-a0-925-g0a390f2509 to
                  | 0.31-a0-931-g7b59d4eb97
 36010 | Vaults:1 | Identified the "Iseruroa"
 36010 | Vaults:1 | Entered Level 1 of the Vaults
 36303 | Vaults:1 | Reached XP level 19. HP: 157/157 MP: 24/36
 36386 | Vaults:1 | Reached skill level 18 in Fire Magic
 37380 | Vaults:1 | Reached skill level 15 in Spellcasting
 38142 | Vaults:1 | Learned a level 7 spell: Orb of Destruction
 38155 | Vaults:2 | Noticed Jory
 38164 | Vaults:1 | Killed Jory
 38329 | Vaults:2 | Noticed Norris
 38348 | Vaults:2 | Killed Norris
 38493 | Vaults:2 | Noticed Nikola
 38501 | Vaults:2 | Killed Nikola
 38782 | Vaults:2 | Found a staircase to the Crypt.
 38782 | Vaults:2 | Found an ancient bone altar of Kikubaaqudgha.
 38782 | Vaults:2 | Found a basalt altar of Yredelemnul.
 39004 | Vaults:2 | Found a transporter.
 39004 | Vaults:2 | Noticed Inony's ghost (master FoHu)
 39010 | Vaults:2 | Found a transporter.
 39949 | Vaults:2 | Found Orhe Hei's Magic Scroll Emporium.
 40049 | Vaults:2 | Upgraded the game from 0.31-a0-931-g7b59d4eb97 to
                  | 0.31-a0-940-gdaa99269f9
 40096 | Vaults:2 | Learned a level 8 spell: Ignition
 40165 | Vaults:3 | Reached XP level 20. HP: 165/165 MP: 30/41
 40186 | Vaults:3 | HP: 5/165 [war gargoyle/spray of metal splinters[a
                  | peacekeeper] (31)]
 40894 | Vaults:3 | Identified the +2 robe of Quantum Leap {-Cast Dex+3}
 41240 | Vaults:3 | Noticed Mara
 41244 | Vaults:3 | Killed Mara
 42321 | Vaults:3 | Noticed Bai Suzhen
 42331 | Vaults:3 | Killed Bai Suzhen
 42817 | Vaults:4 | Found a flickering gateway to a bazaar.
 42826 | Bazaar   | Entered a bazaar
 42877 | Bazaar   | Found Giagg's Armour Boutique.
 42881 | Bazaar   | Found Qorimaylit's Weapon Boutique.
 42881 | Bazaar   | Found Rysuak's Armour Boutique.
 42881 | Bazaar   | Found Yrygafid's Armour Boutique.
 42931 | Bazaar   | Bought a scarf of resistance for 352 gold pieces
 42944 | Bazaar   | Bought a +0 cloak of willpower for 138 gold pieces
 43137 | Vaults:4 | Reached skill level 10 in Evocations
 44698 | Vaults:4 | Noticed Xtahua
 44745 | Vaults:4 | Killed Xtahua
 45139 | Vaults:5 | Entered Level 5 of the Vaults
 45139 | Vaults:5 | Noticed an ancient lich
 45141 | Vaults:5 | Reached XP level 21. HP: 149/172 MP: 43/43
 45144 | Vaults:5 | Paralysed by a sphinx for 3 turns
 45439 | Vaults:4 | Killed an ancient lich
 45752 | Vaults:5 | Reached skill level 10 in Dodging
 45981 | Vaults:5 | Identified the +1 robe "Felileyng" {Dex+3}
 46203 | Vaults:5 | Reached skill level 15 in Evocations
 46594 | Vaults:5 | Identified the amulet of Wonder {RegenMP Regen+ Int-2 SInv
                  | Stlth+}
 46596 | Vaults:5 | Identified the ring of Yesterday {Will+ MP+9}
 47020 | Vaults:5 | Identified the +3 hand axe of Xaula {flame, Drain rElec
                  | rF++ rC-}
 47020 | Vaults:5 | Identified the ring of Circularity {Will+ rCorr}
 47304 | Vaults:5 | Identified the +1 pair of gloves of the Histrionic God
                  | {*Corrode +Blink rElec Dex+3}
 47313 | Vaults:5 | Noticed a golden dragon
 47352 | Vaults:5 | Killed a golden dragon
 47463 | Vaults:5 | Noticed a golden dragon
 47469 | Vaults:5 | Identified the +5 mace "Vuiqarox" {protect, Fragile rC+++
                  | rN++}
 47469 | Vaults:5 | Killed a golden dragon
 47483 | Vaults:5 | Identified the +2 shortbow "Kotinari" {speed, rC- Dex+6}
 47553 | Vaults:5 | Reached XP level 22. HP: 149/183 MP: 33/44
 48175 | Vaults:5 | Identified the +0 pair of gloves of Nosk {rF+}
 48216 | Vaults:5 | Got a silver rune of Zot
 48354 | Vaults:5 | Identified the +3 war axe of Disaster {heavy, rC+}
 49313 | Temple   | Entered the Ecumenical Temple
 49734 | WizLab   | Identified the "Sisiulos"
 49734 | Crypt:3  | Identified the "Oqingen"
 49734 | Depths:3 | Identified the of Abejet Ruts
 49734 | Elf:1    | Entered Level 1 of the Elven Halls
 50078 | Elf:1    | Found Fozij's Armour Emporium.
 50183 | Elf:1    | Noticed Azrael
 50283 | Elf:1    | Found Midanoc's Book Shoppe.
 50283 | Elf:1    | Found Maplod's Magic Scroll Emporium.
 50332 | Elf:1    | Noticed Donald
 50341 | Elf:1    | Killed Donald
 50963 | Elf:1    | Killed Azrael
 51068 | Elf:1    | Identified the +4 ring mail of the Bull {Fly}
 51167 | Elf:1    | Identified the +2 falchion of Poverty {pain, Str+2}
 51189 | Elf:1    | Found a runed translucent gate.
 51189 | Elf:1    | Found a runed translucent gate.
 51189 | Elf:1    | Found a runed translucent gate.
 51189 | Elf:1    | Found a runed translucent gate.
 51189 | Elf:1    | Found a runed translucent gate.
 51191 | Elf:1    | Found a runed translucent gate.
 51698 | D:15     | You paid a toll of +2 ice dragon scales to enter a treasure
                  | trove
 51699 | Trove    | Entered a treasure trove
 51701 | Trove    | Found the +3 pair of mountain boots {steadfast, rC+}
 51701 | Trove    | Found the +3 crown of Dyrovepreva {rElec Int+2 SInv}
 51702 | Trove    | Found the -2 hat of the Alchemist {rElec rPois rF+ rC+ rN+
                  | Will+ rMut rCorr}
 51703 | Trove    | Identified the +1 cloak of Untruth {-Tele Str+4 Int+2
                  | Dex+3}
 51706 | Trove    | Identified the scarf "Uffix" {shadows, Harm +Inv rPois
                  | Dex+5}
 51708 | Trove    | Identified the +0 pair of gloves of the Invisible Hand
                  | {+Blink}
 51710 | Trove    | Identified the +4 buckler "Gedim" {rF+ Regen+ Int+4}
 51712 | Trove    | Identified the +1 pair of boots of the Endless Expanse
                  | {Str+3}
 51721 | Trove    | Identified the +2 cloak "Beacupha" {Int+2}
 51914 | Elf:2    | Found Cittott's Antique Armour Shoppe.
 52005 | Elf:2    | Bought a runed orb for 396 gold pieces
 52015 | Elf:2    | Found Fecyg's Antique Weapon Emporium.
 52052 | Elf:2    | Acquired a ring of poison resistance
 52116 | Elf:2    | Identified the "Cavemeq" (You acquired it on level 2 of
                  | the Elven Halls)
 52116 | Elf:2    | Acquired arrururu's Reference Book on Unholy Execration
 52211 | Elf:2    | Found a runed translucent gate.
 52211 | Elf:2    | Found a runed translucent gate.
 52211 | Elf:2    | Found a runed translucent gate.
 52396 | Elf:2    | Found Uvvyadd's Distillery.
 52401 | Elf:2    | Bought a potion of heal wounds for 65 gold pieces
 52401 | Elf:2    | Bought a potion of enlightenment for 65 gold pieces
 53214 | Elf:3    | Identified the of Taacorer
 53214 | Elf:3    | Identified the of Teten
 53214 | Elf:3    | Identified the "Rusade"
 53214 | Elf:3    | Identified the of Ascheud
 53214 | Elf:3    | Entered Level 3 of the Elven Halls
 53625 | Elf:3    | Reached skill level 19 in Fire Magic
 54192 | Elf:3    | Reached XP level 23. HP: 168/196 MP: 23/45
 54346 | Elf:3    | Identified the +7 plate armour "Ickuk" {Dex+4}
 54356 | Elf:3    | Reached skill level 20 in Fire Magic
 54602 | Elf:3    | Identified the +1 arbalest of the Gnashing King {heavy,
                  | rC+}
 54623 | Elf:3    | Identified the staff "Vihiegi" {Dex+2 Stlth+ Earth}
 55287 | Depths:1 | Entered Level 1 of the Depths
 55709 | Depths:1 | Found Vownuh's General Store.
 55741 | Depths:1 | Acquired the ring "Apopno" {Fly Dex+2}
 55743 | Depths:1 | Identified the "Jaeg" (You acquired it on level 1 of the
                  | Depths)
 55743 | Depths:1 | Acquired the staff of Internal Strife {rElec rC+ rCorr
                  | Stlth+ Fire Ice}
 55745 | Depths:1 | Acquired a book of Debilitation
 55881 | Depths:1 | Found a gateway to Hell.
 56143 | Depths:1 | Found a snail-covered altar of Cheibriados.
 56400 | Depths:2 | Found a one-way gateway to a ziggurat.
 56470 | Depths:2 | Noticed a dread lich
 56472 | Depths:2 | Paralysed by a dread lich for 2 turns
 56475 | Depths:2 | Killed a dread lich
 56476 | Depths:2 | Reached skill level 21 in Fire Magic
 56566 | Depths:2 | Noticed an ancient lich
 56576 | Depths:2 | Noticed an ancient lich
 56725 | Depths:2 | Killed an ancient lich
 56847 | Depths:2 | Killed an ancient lich
 56932 | Depths:2 | Reached skill level 22 in Fire Magic
 57275 | Depths:2 | Noticed an ancient lich
 57283 | Depths:2 | Killed an ancient lich
 57964 | Depths:2 | Noticed a shard shrike
 58092 | Depths:2 | Noticed a dread lich
 58096 | Depths:2 | Killed a dread lich
 58134 | Depths:2 | Reached XP level 24. HP: 204/204 MP: 17/45
 58359 | Depths:2 | Noticed Asterion
 58362 | Depths:2 | Killed Asterion
 58473 | Depths:2 | Found a one-way gate leading to the halls of Pandemonium.
 58530 | Depths:2 | Killed a shard shrike
 58784 | Depths:2 | Identified the staff of the Candelabrum {Str+2 Stlth+ Conj}
 58792 | Depths:2 | Identified the +10 short sword of Harmony {venom, rElec
                  | Dex+3}
 59529 | Depths:3 | Found a one-way gate to the infinite horrors of the Abyss.
 59862 | Depths:3 | Noticed a juggernaut
 61004 | Depths:3 | Killed a juggernaut
 61230 | Depths:4 | Entered Level 4 of the Depths
 62366 | Depths:4 | Identified the +0 pair of gloves of Ryirox {SInv}
 62458 | Depths:4 | Reached skill level 15 in Fighting
 63186 | Depths:4 | Noticed a juggernaut
 63189 | Depths:4 | Killed a juggernaut
 63379 | Depths:4 | Found a gate to the Realm of Zot.
 63441 | Depths:4 | Reached skill level 23 in Fire Magic
 63772 | Zot:1    | Identified the of Lam His
 63772 | Zot:1    | Entered Level 1 of the Realm of Zot
 63772 | Zot:1    | Noticed a Killer Klown
 63772 | Zot:1    | Noticed an ancient lich
 63772 | Zot:1    | Noticed a Killer Klown
 63909 | Depths:4 | Killed a Killer Klown
 64023 | Depths:4 | Killed an ancient lich
 64024 | Depths:4 | Reached XP level 25. HP: 172/216 MP: 30/45
 64065 | Depths:4 | Learned a level 9 spell: Fire Storm
 64077 | Zot:1    | Killed a Killer Klown
 64245 | Zot:1    | Upgraded the game from 0.31-a0-940-gdaa99269f9 to
                  | 0.31-a0-948-gf5be29c462
 64414 | Zot:1    | Acquired 897 gold pieces
 64792 | Zot:1    | Noticed an orb of fire
 64800 | Zot:1    | Gained mutation: You occasionally lose the ability to read
                  | scrolls when taking damage. [an orb of fire]
 64801 | Zot:1    | Killed an orb of fire
 65573 | Zot:2    | Noticed an orb of fire
 65579 | Zot:2    | Killed an orb of fire
 65655 | Zot:2    | Noticed an orb of fire
 65659 | Zot:2    | Killed an orb of fire
 67133 | Zot:3    | Noticed an orb of fire
 67138 | Zot:3    | Gained mutation: Your body sometimes deteriorates upon
                  | taking damage. [an orb of fire]
 67140 | Zot:3    | Killed an orb of fire
 67308 | Zot:3    | Reached skill level 24 in Fire Magic
 67629 | Zot:3    | Identified the +10 spear of the Winnowing Gnat {freeze,
                  | +Blink rCorr}
 67705 | Zot:3    | Noticed an orb of fire
 67711 | Zot:3    | Killed an orb of fire
 68452 | Zot:4    | Reached XP level 26. HP: 227/227 MP: 47/47
 68459 | Zot:4    | Learned a level 5 spell: Yara's Violent Unravelling
 69325 | Zot:5    | Entered Level 5 of the Realm of Zot
 69325 | Zot:5    | Noticed an orb of fire
 69326 | Zot:5    | Gained mutation: Your system is resistant to poisons.
                  | (rPois) [an orb of fire]
 69331 | Zot:5    | Killed an orb of fire
 69332 | Zot:5    | Reached XP level 27. HP: 216/235 MP: 26/47
 69931 | Zot:5    | Noticed an orb of fire
 69946 | Zot:5    | Killed an orb of fire
 70010 | Zot:5    | Noticed a dread lich
 70011 | Zot:5    | Killed a dread lich
 70012 | Zot:5    | Reached skill level 25 in Fire Magic
 70023 | Zot:5    | Noticed an orb of fire
 70027 | Zot:5    | Killed an orb of fire
 70029 | Zot:5    | Noticed an orb of fire
 70045 | Zot:5    | Killed an orb of fire
 70074 | Zot:5    | Noticed an orb of fire
 70079 | Zot:5    | Gained mutation: You are clumsy. (Dex -2) [an orb of fire]
 70080 | Zot:5    | Killed an orb of fire
 70154 | Zot:5    | Noticed an ancient lich
 70157 | Zot:5    | Killed an ancient lich
 70332 | Zot:5    | Noticed an orb of fire
 70335 | Zot:5    | Gained mutation: You have sharp toenails. [an orb of fire]
 70338 | Zot:5    | Killed an orb of fire
 70407 | Zot:5    | Noticed an orb of fire
 70416 | Zot:5    | Noticed an orb of fire
 70417 | Zot:5    | Killed an orb of fire
 70418 | Zot:5    | Reached skill level 26 in Fire Magic
 70420 | Zot:5    | Gained mutation: You are weak. (Str -2) [an orb of fire]
 70433 | Zot:5    | Killed an orb of fire
 70552 | Zot:5    | Noticed an orb of fire
 70627 | Zot:5    | Noticed an orb of fire
 70629 | Zot:5    | Gained mutation: You are vulnerable to cold. (rC-) [an orb
                  | of fire]
 70634 | Zot:5    | Killed an orb of fire
 70804 | Zot:5    | Killed an orb of fire
 71243 | Zot:5    | Reached skill level 27 in Fire Magic
 71510 | Zot:5    | Got the Orb of Zot
 71900 | D:11     | Noticed Haett the pandemonium lord
 71953 | D:10     | Noticed Timuugig the pandemonium lord
 72155 | D:$      | Escaped with the Orb!

Illustrated notes

Levels and vault maps discovered:
D:1:      dpeg_arrival_water_temple_mockup, layout_basic, minmay_hexomino_u4
D:2:      minmay_spotlight, layout_loops_cross, serial_shops, shop_statue
D:3:      layout_loops_ring, mainiacjoe_overflow_24_doors,
          gammafunk_ghost_grave, serial_shops, shop_coins, fountainhead,
          minmay_misc_feat_secret_circle
D:4:      layout_basic, nicolae_elyvilon_temple_path, jmf_multi_god_temple,
          hangedman_decor_opposing, hex_medium, uniq_menkaure
D:5:      layout_basic, minmay_temple_entry_gardened_gates, serial_shops, shop,
          uniq_duvessa
D:6:      layout_basic, chequers_temple_overflow_statue_of_worship,
          uniq_eustachio
D:7:      layout_rooms, serial_shops, nicolae_shop_stone
D:8:      layout_basic, mainiacjoe_overflow_two_lobes,
          mainiacjoe_overflow_cross_hatched, gup_ossuary_entry_pyramid,
          minmay_crystal_water, uniq_psyche
D:9:      layout_gridville, enter_bailey_3, minmay_hollow_rounded_squares
D:10:     layout_cave_pools, david_lair_shrubbed, eino_house_with_fridge
D:11:     layout_rooms, uniq_nergalle
D:12:     layout_rooms, orc_0_dummy, uniq_frances
D:13:     layout_rooms, erik_vaults_1, serial_shops, shop, drop_trap,
          eat_drink_and_be_merry_uskayaw
D:14:     layout_cave_pods, portal_ice_cave_entry_ice_simulacra,
          nicolae_dithmenos_shadow_blocks, uniq_jorgrun, uniq_snorg
D:15:     hangedman_depths_entry_civil_slaughter, layout_stronghold,
          nicolae_trove_entry_crossroad, yredelemnul_altar_generic
Temple:   hellmonk_temple_of_storms
Lair:1:   layout_hall_layers
Lair:2:   minmay_lair_oklob_tunnel, layout_loops_ring,
          guppyfry_snake_entry_garden, grunt_megastairs_2,
          infiniplex_staircase_pool, serial_bayou_shore_b, lemuel_fruit_fields
Lair:3:   layout_small_grid, nicolae_shoals_entry_flooding, minivault_23,
          grunt_megastairs_3
Lair:4:   nzn_winding_woodlands_stair_cross [nzn_winding_woodlands_5x15_eye,
          nzn_winding_woodlands_center_lodge, nzn_winding_woodlands_5x15_parted,
          nzn_winding_woodlands_5x5_open_star,
          nzn_winding_woodlands_5x5_perimeter,
          nzn_winding_woodlands_5x15_sawtooth,
          nzn_winding_woodlands_center_triple_pond,
          nzn_winding_woodlands_5x15_concentric], layout_concentric_octagons,
          fungi_pond_lemuel
Lair:5:   grunt_lair_end_beastmaster, layout_gridlike,
          minmay_slime_entry_oklob_enclosed, infiniplex_staircase_pool_2,
          grunt_megastairs_5, uniq_kirke, uniq_urug
Shoals:1: layout_shoals, ebering_ghost_gozag, serial_shops, bzr_in_the_mist
Shoals:2: argonaut_golden_fleece, layout_shoals, serial_shops,
          nicolae_shop_trees, nicolae_shoals_water_booths, uniq_roxanne
Shoals:3: layout_shoals, nicolae_shop_firing_range
Shoals:4: shoals_end_grunt_ice, layout_shoals, minmay_shop_mayhem,
          nicolae_shoals_beach_house_on_fowls_legs, uniq_polyphemus
Snake:1:  layout_layer_cave, nicolae_snake_ghostly_warrior_ritual
Snake:2:  layout_misc_corridors, gammafunk_ghost_arena,
          nicolae_shop_sticking_my_neck_out
Snake:3:  layout_misc_corridors, st_stairs_7, uniq_aizul, uniq_vashnia
Snake:4:  snake_pit_salamanders_mu, layout_cave_town, guppyfry_snake_island
Orc:1:    layout_caves, serial_shops, nicolae_diamond_shop,
          kennysheep_orc_chapel
Orc:2:    st_orc_mages, layout_caves, special_room
Elf:1:    minmay_elf_arrival_summoners, layout_geoelf_diagonals, serial_shops,
          nicolae_shop_behind_doors, orc_legates, minmay_shoptagon, uniq_donald,
          uniq_azrael
Elf:2:    nicolae_elf_blades_splatter_lattice
          [nicolae_blade_entry_sentries_behind_glass], layout_loops_ring,
          serial_shops, shop, shop, shop
Elf:3:    minmay_elf_hall_statues, layout_gridlike, grunt_ministairs_9
Vaults:1: vaults_room_door_hall, vaults_mumra_minichess,
          nicolae_vaults_shock_wave, hangedman_vaults_stream,
          vaults_room_door_hall, v_pattern_1, nicolae_vaults_what_the_h,
          nicolae_vaults_trapezoid_lopsided_3, nicolae_vaults_apartment_1,
          nicolae_vaults_octothorpe, nicolae_vaults_layer_cake_slice,
          layout_vaults_omnibox
Vaults:2: gammafunk_ghost_arena, nicolae_vaults_double_plus_2,
          nicolae_vaults_trapezoid_lopsided_1, hangedman_vaults_capsules,
          minmay_crypt_entry_necro_gods, nicolae_vaults_asterisk,
          vaults_dpeg_hooks, nicolae_vaults_little_guard_posts,
          layout_vaults_omnigrid, serial_shops, nicolae_shop_rolled_up,
          uniq_norris, uniq_nikola, uniq_jory
Vaults:3: v_pattern_2, ontoclasm_vaults_hangar, ontoclasm_vaults_tryst,
          nicolae_vaults_network_quincunx
          [nicolae_vaults_network_quincunx_subvault,
          nicolae_vaults_network_quincunx_subvault,
          nicolae_vaults_network_quincunx_subvault,
          nicolae_vaults_network_quincunx_subvault,
          nicolae_vaults_network_quincunx_subvault], hangedman_vaults_impose,
          v_misc_27, nicolae_vaults_sesquioval_fish, v_misc_9, v_rooms_3,
          ontoclasm_vaults_ring_small, nicolae_vaults_ring_of_whatevers,
          vaults_room_pool, ontoclasm_vaults_ligature,
          nicolae_vaults_diagonal_hallway_6, layout_vaults_big_cross,
          uniq_bai_suzhen, uniq_mara
Vaults:4: nicolae_vaults_tangram_1, nicolae_vaults_mitosis, v_alt_pattern_4,
          nicolae_vaults_storage_closets_1, grunt_vaults_twisty,
          hangedman_vaults_stretched_pinwheel, v_misc_19,
          nicolae_vaults_trapezoid_lopsided_4, v_pattern_3,
          nicolae_vaults_mini_display_case, nicolae_vaults_apartment_2,
          layout_vaults_chaotic_city, serial_shops, bzr_firewalk, uniq_xtahua
Vaults:5
Depths:1: layout_gridville, minmay_door_square, pf_vacation_house_of_asmodeus,
          nicolae_take_the_stairs, grunt_ministairs_2, hangedman_decor_riveting,
          chei_slow_surprise
Depths:2: hellmonk_hyper_hexagons [hex_subvault_double_channel,
          hex_subvault_village, hex_subvault_rooms, hex_subvault_channel,
          hex_subvault_dug_out, hex_subvault_crossings, hex_subvault_angles],
          pan_entry, hell_entry, uniq_asterion
Depths:3: minmay_the_grid_octo_tiled_octocenter_mashed
          [minmay_the_grid_octo_empty, minmay_the_grid_octo_thin_diamonds,
          minmay_the_grid_octo_toaster, minmay_the_grid_octo_horde,
          minmay_the_grid_octo_prize_star, minmay_the_grid_square_5x5_checkered,
          minmay_the_grid_square_5x5_slash,
          minmay_the_grid_square_5x5_checkered_sparse,
          minmay_the_grid_square_5x5_eight], layout_basic,
          nicolae_concentric_dashed_squares_wild, pan_entry, abyss_entry,
          pf_hell_entry_tar_spiral
Depths:4: grunt_runaround [grunt_runaround_doors_1, grunt_runaround_doors_2,
          grunt_runaround_doors_3, grunt_runaround_doors_4,
          grunt_runaround_zot], abyss_entry, pan_entry, hell_entry
Zot:1:    ebering_klown_carousel, layout_basic
Zot:2:    layout_cellular_growth, regret_index_zotdec_banners
Zot:3:    layout_cellular_growth
Zot:4:    layout_concentric_octagons, regret_index_zotdec_barnacled_simple
Zot:5:    layout_gridlike, st_stairs_5

Skill      XL: |  1  2  3  4  5  6  7  8  9 10 11 12 13 14 15 16 17 18 19 20 21 22 23 24 25 26 27 |
---------------+----------------------------------------------------------------------------------+-----
Fighting       | 1 2 3 4 5 8 11 12 14 16 17 18 | 18.0
Dodging        | 2 3 4 5 8 9 12 13 | 13.0
Spellcasting   | 3 4 5 7 9 11 13 17 18 20 | 20.0
Conjurations   | 5 6 7 8 9 11 14 15 16 18 20 22 | 22.3
Hexes          | 1 2 3 4 8 9 10 11 | 11.2
Air Magic      | 1 3 4 |  4.3
Evocations     | 5 8 13 15 16 | 16.9
Staves         | 2 3 |  3.0
Fire Magic     | 1 8 9 10 12 16 17 18 19 22 23 24 27 | 27.0
Shields        | 6 7 8 9 15 | 15.1
Shapeshifting  | 3 |  3.0
Earth Magic    | 4 |  4.8
Stealth        | |  1.7
Unarmed Combat | |  0.2
Poison Magic   | |  0.2

Action                     |  1- 3 |  4- 6 |  7- 9 | 10-12 | 13-15 | 16-18 | 19-21 | 22-24 | 25-27 || total
---------------------------+-------+-------+-------+-------+-------+-------+-------+-------+-------++-------
  Melee: Unarmed           |    41 |       |       |       |       |       |       |       |       ||    41
         Tailslap          |     7 |     1 |     1 |     1 |     2 |       |     4 |       |       ||    16
         Mace              |    11 |     2 |       |       |       |       |       |       |       ||    13
         Dagger            |       |       |    11 |       |       |       |       |       |       ||    11
         Staff             |       |       |     5 |    11 |     9 |       |    13 |    15 |     1 ||    54
         Punch             |       |       |     1 |       |       |       |       |       |       ||     1
   Cast: Magic Dart        |    57 |    81 |    74 |   104 |       |       |       |       |       ||   316
         Searing Ray       |     3 |    15 |    56 |    29 |     2 |     5 |     3 |     2 |       ||   115
         Dazzling Flash    |       |       |    10 |     4 |       |       |       |       |       ||    14
         Fulminant Prism   |       |       |    16 |    34 |    10 |    54 |     9 |    42 |     8 ||   173
         Mephitic Cloud    |       |       |     5 |    20 |     9 |    11 |     2 |       |       ||    47
         Iskenderun's Myst |       |       |       |    50 |    49 |   163 |   149 |   241 |    63 ||   715
         Iskenderun's Batt |       |       |       |    67 |    89 |   240 |   216 |   393 |   178 ||  1183
         Fireball          |       |       |       |    45 |   202 |   373 |   182 |   167 |    26 ||   995
         Stone Arrow       |       |       |       |    41 |    85 |    70 |    28 |     9 |       ||   233
         Cause Fear        |       |       |       |       |     3 |    11 |     5 |       |       ||    19
         Swiftness         |       |       |       |       |     1 |     1 |     5 |     7 |     2 ||    16
         Orb of Destructio |       |       |       |       |       |       |   195 |   264 |   109 ||   568
         Ignition          |       |       |       |       |       |       |    52 |   129 |     2 ||   183
         Fire Storm        |       |       |       |       |       |       |       |       |   134 ||   134
Ability: Breathe Steam     |       |       |    26 |    23 |     7 |    17 |    16 |     6 |     1 ||    96
         Evoke Blink       |       |       |       |       |       |       |       |     1 |     2 ||     3
  Evoke: Wand              |       |     3 |       |     3 |     1 |     2 |       |       |     1 ||    10
         Phantom mirror    |       |       |       |       |       |       |     2 |     1 |       ||     3
         Lightning rod     |       |       |       |       |       |       |     3 |       |       ||     3
         Condenser vane    |       |       |       |       |       |       |     1 |       |       ||     1
    Use: Scroll            |     1 |     6 |     5 |    13 |    10 |     7 |     7 |    13 |     5 ||    67
         Potion            |       |       |       |     1 |     1 |     3 |     4 |     1 |     2 ||    12
   Stab: Confused          |       |       |     3 |       |       |       |       |       |       ||     3
         Invisible         |       |       |     2 |       |       |       |       |       |       ||     2
         Sleeping          |       |       |     1 |       |       |       |       |       |       ||     1
 Armour: Skin              |    34 |     5 |    57 |    47 |    21 |    98 |   162 |   143 |    99 ||   666
  Dodge: Dodged            |    44 |    12 |    43 |    34 |    27 |    52 |   127 |   118 |    41 ||   498
  Block: Buckler           |       |       |       |       |    10 |    16 |    41 |    72 |    14 ||   153
         Form:             |       |       |       |       |     1 |       |       |       |       ||     1
         Dragon            |       |       |       |       |     1 |       |       |       |       ||     1

Table legend: (Time is in decaauts)
 A = Elapsed time spent in this place.
 B = Non-inter-level travel time spent in this place.
 C = Inter-level travel time spent in this place.
 D = Time resting spent in this place.
 E = Time spent auto-exploring this place.
 F = Levels seen in this place.
 G = Mean time per level.
                   A        B        C        D        E       F      G
               +--------+--------+--------+--------+--------+-----+--------+
         Total |  72528 |  67135 |   5393 |  18299 |  28769 |  54 | 1343.1 |
       Dungeon |  15541 |  13407 |   2134 |   2669 |   7140 |  15 | 1036.1 |
        Temple |      1 |      0 |      1 |      0 |      0 |   1 |    1.0 |
          Lair |   7981 |   6984 |    997 |   1378 |   4383 |   5 | 1596.2 |
        Shoals |   4149 |   4022 |    127 |    961 |   1691 |   4 | 1037.2 |
     Snake Pit |   6441 |   6057 |    384 |   2155 |   1963 |   4 | 1610.2 |
  Orcish Mines |   1692 |   1455 |    237 |    321 |    689 |   2 |  846.0 |
   Elven Halls |   4876 |   4649 |    227 |   1043 |   2455 |   3 | 1625.3 |
        Vaults |  13161 |  12562 |    599 |   4870 |   3568 |   5 | 2632.2 |
        Depths |   8893 |   8524 |    369 |   2563 |   3348 |   4 | 2223.2 |
           Zot |   7625 |   7312 |    313 |   1808 |   3285 |   5 | 1525.0 |
        Bazaar |    307 |    307 |      0 |     57 |     61 |   2 |  153.5 |
         Trove |     86 |     86 |      0 |      0 |      0 |   1 |   86.0 |
       Ossuary |    712 |    712 |      0 |    192 |     12 |   1 |  712.0 |
        Bailey |    329 |    329 |      0 |      8 |      0 |   1 |  329.0 |
      Ice Cave |    728 |    728 |      0 |    273 |    172 |   1 |  728.0 |
               +--------+--------+--------+--------+--------+-----+--------+

Top non-repeatable levels by time:
Vaults:5: 3327 daAuts
Depths:4: 2725 daAuts
Vaults:4: 2699 daAuts
Vaults:3: 2454 daAuts
Vaults:1: 2439 daAuts
 Snake:4: 2400 daAuts
Depths:3: 2361 daAuts
Depths:2: 2326 daAuts
Vaults:2: 2240 daAuts
   Zot:5: 2035 daAuts
  Lair:4: 2013 daAuts
   Elf:1: 1830 daAuts
   Elf:3: 1758 daAuts
  Lair:5: 1611 daAuts
   Zot:4: 1610 daAuts
